 Dungeon Crawl Stone Soup version 0.24-a0-516-g9de272bb65 (webtiles) character file.

Game seed: 1931696969812627177

318 Azzok the Insei (level 6, -1/47 HPs)
             Began as a Gnoll Transmuter on July 21, 2019.
             Killed from afar by an orc wizard (8 damage)
             ... with a magic dart
             ... on level 4 of the Dungeon.
             The game lasted 00:04:00 (3360 turns).

Azzok the Insei (Gnoll Transmuter)                  Turns: 3360, Time: 00:04:01

Health: -1/47      AC:  2    Str: 12    XL:     6   Next: 45%
Magic:  4/14       EV: 24    Int: 18    God:
Gold:   178        SH:  0    Dex: 20    Spells: 0/15 levels left

rFire    . . .     SeeInvis .     - Unarmed
rCold    . . .     Gourm    .   (shield currently unavailable)
rNeg     . . .     Faith    .   (armour currently unavailable)
rPois    x         Spirit   .   (helmet currently unavailable)
rElec    .         Reflect  .   (cloak currently unavailable)
rCorr    .         Harm     .   (gloves currently unavailable)
MR       .....                  (boots currently unavailable)
Stlth    ++........             (no amulet)
HPRegen  0.15/turn              (no ring)
MPRegen  0.14/turn              (no ring)

@: spider-form, very slightly contaminated
A: tiny, distributed training, strong nose
a: End Transformation


You were on level 4 of the Dungeon.
You were not hungry.
You were a venomous arachnid creature.
You visited 1 branch of the dungeon, and saw 4 of its levels.

You collected 178 gold pieces.

Inventory:

Missiles
 a - 38 arrows
Armour
 b - a +0 robe (melded)
 j - a +0 helmet (melded)
 k - a +0 pair of gloves (melded)
Wands
 n - a wand of digging (7)
Scrolls
 f - a scroll of teleportation {unknown}
 g - 3 scrolls of identify {unknown}
 h - 2 scrolls of fear {unknown}
 i - a scroll of remove curse {unknown}
 l - a scroll of random uselessness {unknown}
 p - a scroll of enchant weapon {unknown}
 q - a scroll of immolation {unknown}
 u - a scroll of fog {unknown}
 x - a scroll of enchant armour {unknown}
Potions
 c - 2 potions of curing {unknown}
 e - 2 potions of heal wounds {unknown}
 m - a potion of lignification {unknown}
 o - a potion of mutation {unknown}
 r - a potion of invisibility {unknown}
 s - a potion of berserk rage {unknown}
 t - a potion of ambrosia {unknown}
 w - a potion of magic {unknown}
Comestibles
 d - 7 rations
 v - 8 chunks of flesh


   Skills:
 + Level 3.2 Fighting
 + Level 1.9 Short Blades
 + Level 1.9 Long Blades
 + Level 1.9 Axes
 + Level 1.9 Maces & Flails
 + Level 1.9 Polearms
 + Level 1.9 Staves
 + Level 1.9 Slings
 + Level 1.9 Bows
 + Level 1.9 Crossbows
 + Level 1.9 Throwing
 + Level 1.9 Armour
 + Level 5.0 Dodging
 + Level 1.9 Stealth
 + Level 1.9 Shields
 + Level 6.8 Unarmed Combat
 + Level 5.3 Spellcasting
 + Level 1.5 Conjurations
 + Level 1.5 Hexes
 + Level 1.5 Charms
 + Level 1.5 Summonings
 + Level 1.5 Necromancy
 + Level 1.5 Translocations
 + Level 4.1 Transmutations
 + Level 1.5 Fire Magic
 + Level 1.5 Ice Magic
 + Level 1.5 Air Magic
 + Level 1.5 Earth Magic
 + Level 1.5 Poison Magic
 + Level 2.1 Invocations
 + Level 1.9 Evocations


You couldn't memorise any spells.
You knew the following spells:

 Your Spells              Type           Power        Failure   Level  Hunger
a - Beastly Appendage     Tmut           ###...       9%          1    None
b - Spider Form           Tmut/Pois      ##........   28%         3    ##.....
c - Ice Form              Ice/Tmut       ##......     61%         4    ####...
d - Blade Hands           Tmut           ###.......   75%         5    ######.
e - Sticks to Snakes      Tmut           ###.....     12%         2    #......

Your spell library contained the following spells:

 Spells                   Type           Power        Failure   Level  Hunger


Dungeon Overview and Level Annotations

Branches:
Dungeon (4/15)
 Temple: D:4-7

Altars:


Innate Abilities, Weirdness & Mutations

Your experience applies equally to all skills.
((You have very sharp teeth.))
Your uncanny sense of smell can sniff out nearby items.


Message History

Your +0 robe melds into your body.
The orc wizard gestures at you while chanting.
The magic dart hits you.
* * * LOW HITPOINT WARNING * * *
The orc wizard casts a spell.
The orc wizard blinks!
Unknown command.
Casting: Spider Form (safe; 28% risk of failure)
Confirm with . or Enter, or press ? or * to list all spells.
You miscast Sticks to Snakes.
You are very lightly contaminated with residual magic.
Nothing appears to happen.
The centaur shoots an arrow.
The arrow completely misses you.
The centaur shoots an arrow.
The arrow completely misses you.
Casting: Sticks to Snakes (safe; 12% risk of failure)
Confirm with . or Enter, or press ? or * to list all spells.
You create a snake!
You now have 38 arrows.
The orc wizard casts a spell at you. The magic dart hits you!
You die...

∆ ▒▒▒ · ▒ ▒▒·▒▒ ▒▒▒▒ ▒··
▒▒▒···▒▒ ▒▒▒▒(·▒ ··c·
·······▒▒ ▒▒·▒S·s▒ ·····
········▒▒▒··▒(··▒▒▒▒···▒··
···▒····▒······S·))·)·····▒
▒··▒··[···········c········
▒▒▒··(······▒▒▒··(·········
▒··········▒···o··········
▒··········▒·············?
▒▒···[··················▒▒
▒············▒············▒▒


You could see a centaur, an orc wizard, a friendly water moccasin and a friendly
ball python.

Vanquished Creatures
  A centaur (D:4)
  3 orc wizards (D:3)
  4 adders
  An ooze (D:1)
  A worm (D:3)
  A dart slug (D:2)
  5 leopard geckos
  14 orcs
  4 ball pythons
  7 giant cockroaches
  13 hobgoblins
  3 jackals (D:4)
  5 kobolds
  A quokka (D:4)
  7 bats
  8 frilled lizards
  7 goblins
  A leopard gecko skeleton (D:4)
  9 rats
95 creatures vanquished.

Vanquished Creatures (others)
  An orc wizard (D:4)
1 creature vanquished.

Grand Total: 96 creatures vanquished

Notes
Turn   | Place    | Note
-------+----------+-------------------------------------------
     0 | D:1      | Azzok the Gnoll Transmuter began the quest for the Orb.
     0 | D:1      | Reached XP level 1. HP: 17/17 MP: 6/6
   528 | D:1      | Reached XP level 2. HP: 23/23 MP: 7/7
   807 | D:1      | Reached XP level 3. HP: 28/28 MP: 9/9
   812 | D:1      | Learned a level 3 spell: Spider Form
   839 | D:1      | Reached skill level 5 in Spellcasting
  1519 | D:2      | Reached skill level 1 in Invocations
  1538 | D:2      | Reached skill level 1 in Short Blades
  1538 | D:2      | Reached skill level 1 in Long Blades
  1538 | D:2      | Reached skill level 1 in Axes
  1538 | D:2      | Reached skill level 1 in Maces & Flails
  1538 | D:2      | Reached skill level 1 in Polearms
  1538 | D:2      | Reached skill level 1 in Staves
  1538 | D:2      | Reached skill level 1 in Slings
  1538 | D:2      | Reached skill level 1 in Bows
  1538 | D:2      | Reached skill level 1 in Crossbows
  1538 | D:2      | Reached skill level 1 in Throwing
  1538 | D:2      | Reached skill level 1 in Armour
  1538 | D:2      | Reached skill level 1 in Stealth
  1538 | D:2      | Reached skill level 1 in Shields
  1538 | D:2      | Reached skill level 1 in Evocations
  1573 | D:2      | Reached XP level 4. HP: 31/34 MP: 11/11
  2384 | D:3      | Reached skill level 1 in Conjurations
  2384 | D:3      | Reached skill level 1 in Hexes
  2384 | D:3      | Reached skill level 1 in Charms
  2384 | D:3      | Reached skill level 1 in Summonings
  2384 | D:3      | Reached skill level 1 in Necromancy
  2384 | D:3      | Reached skill level 1 in Translocations
  2384 | D:3      | Reached skill level 1 in Fire Magic
  2384 | D:3      | Reached skill level 1 in Ice Magic
  2384 | D:3      | Reached skill level 1 in Air Magic
  2384 | D:3      | Reached skill level 1 in Earth Magic
  2384 | D:3      | Reached skill level 1 in Poison Magic
  2384 | D:3      | Reached XP level 5. HP: 35/40 MP: 6/12
  3034 | D:3      | Reached XP level 6. HP: 47/47 MP: 9/13
  3198 | D:4      | Learned a level 4 spell: Ice Form
  3209 | D:4      | Learned a level 5 spell: Blade Hands
  3212 | D:4      | Learned a level 2 spell: Sticks to Snakes
  3348 | D:4      | Reached skill level 5 in Dodging
  3360 | D:4      | Killed from afar by an orc wizard

Levels and vault maps discovered:
D:1:      dpeg_arrival_morbid_curiosity, layout_loops_ring,
          minmay_misc_feat_hallway, item_on_display_a
D:2:      layout_loops_ring
D:3:      layout_loops_ring
D:4:      layout_cave_pools, kiku_gazebo_garden_becter, first_ration,
          minmay_manual_mares, uniq_natasha

Skill      XL: |  1  2  3  4  5  6 |
---------------+-------------------+-----
Spellcasting   | 5 |  5.3
Invocations    | 1 2 |  2.1
Short Blades   | 1 |  1.9
Long Blades    | 1 |  1.9
Axes           | 1 |  1.9
Maces & Flails | 1 |  1.9
Polearms       | 1 |  1.9
Staves         | 1 |  1.9
Slings         | 1 |  1.9
Bows           | 1 |  1.9
Crossbows      | 1 |  1.9
Throwing       | 1 |  1.9
Armour         | 1 |  1.9
Stealth        | 1 |  1.9
Shields        | 1 |  1.9
Evocations     | 1 |  1.9
Conjurations   | 1 |  1.5
Hexes          | 1 |  1.5
Charms         | 1 |  1.5
Summonings     | 1 |  1.5
Necromancy     | 1 |  1.5
Translocations | 1 |  1.5
Fire Magic     | 1 |  1.5
Ice Magic      | 1 |  1.5
Air Magic      | 1 |  1.5
Earth Magic    | 1 |  1.5
Poison Magic   | 1 |  1.5
Fighting       | 3 |  3.2
Transmutations | 4 |  4.1
Dodging        | 5 |  5.0
Unarmed Combat | |  6.8

Action                   |  1- 3 |  4- 6 || total
-------------------------+-------+-------++-------
Melee: Unarmed           |   108 |   152 ||   260
       Bite              |    11 |     4 ||    15
       Punch             |     2 |     4 ||     6
 Cast: Spider Form       |       |    12 ||    12
       Sticks to Snakes  |       |     2 ||     2
 Stab: Sleeping          |     1 |     4 ||     5
  Eat: Chunk             |     2 |     7 ||     9
Armor: Robe              |    28 |     6 ||    34
       Skin              |       |     3 ||     3
Dodge: Dodged            |    96 |    93 ||   189

Table legend:
 A = Non-vault XP
 B = Vault XP
 C = Vault XP percentage of total XP
 D = Non-vault monster count
 E = Vault monster count
 F = Vault count percentage of total count
                 A         B        C        D         E       F
            +---------+---------+-------+---------+---------+-------
      Total |     340 |     115 |  25.3 |      89 |       6 |   6.3
            +---------+---------+-------+---------+---------+-------
        D:1 |      44 |       9 |  17.0 |      24 |       5 |  17.2
        D:2 |      42 |       0 |   0.0 |      15 |       0 |   0.0
        D:3 |     236 |       0 |   0.0 |      42 |       0 |   0.0
        D:4 |      18 |     106 |  85.5 |       8 |       1 |  11.1
            +---------+---------+-------+---------+---------+-------
